 Dungeon Crawl Stone Soup version 0.28.0-53-g5a82cb258f (webtiles) character file.

Game seed: 3390697073497952915

104 Sin92 the Conjurer (level 4, 0/33 HPs)
             Began as a Demonspawn Conjurer on June 30, 2022.
             Slain by an iguana (4 damage)
             ... on level 4 of the Dungeon.
             The game lasted 00:09:08 (3144 turns).

Sin92 the Conjurer (Demonspawn Conjurer)            Turns: 3144, Time: 00:09:09

Health: 0/33       AC: 11    Str:  7    XL:     4   Next: 52%
Magic:  6/8        EV:  7    Int: 22    God:
Gold:   105        SH:  0    Dex: 11    Spells: 7/8 levels left

rFire   . . .      SeeInvis .   h - +2 mace
rCold   . . .      Faith    .   (no shield)
rNeg    . . .      Spirit   .   j - +0 scale mail
rPois   .          Reflect  .   b - +2 helmet
rElec   .          Harm     .   (no cloak)
rCorr   .          Rampage  .   (no gloves)
Will    +....                   (no boots)
Stlth   ..........              (no amulet)
HPRegen 0.11/turn               l - ring of willpower
MPRegen 0.11/turn               (no ring)

@: no status effects
A: claws 1, thin metallic scales 1, powered by death 1
a: no special abilities


You were on level 4 of the Dungeon.
You visited 1 branch of the dungeon, and saw 4 of its levels.

You collected 105 gold pieces.

Inventory:

Hand Weapons
 d - a +0 club
 h - a +2 mace (weapon)
Armour
 a - a +0 robe
 b - a +2 helmet (worn)
 j - a +0 scale mail (worn)
 k - a +0 pair of gloves
Jewellery
 l - a ring of willpower (left claw)
Scrolls
 e - 3 scrolls of identify
 g - 2 scrolls of amnesia
Potions
 c - a potion of invisibility
 f - a potion of lignification
 i - a potion of might


   Skills:
 + Level 1.8 Fighting
 + Level 0.9 Maces & Flails
 + Level 1.6 Armour
 - Level 1.7 Dodging
 - Level 1.7 Stealth
 + Level 2.6 Spellcasting
 + Level 4.4 Conjurations


You had 7 spell levels left.
You knew the following spells:

 Your Spells              Type           Power      Damage    Failure   Level
a - Magic Dart            Conj           88%        1d7       26%         1

Your spell library contained the following spells:

 Spells                   Type           Power      Damage    Failure   Level
 Searing Ray              Conj           44%        2d6       36%         2
 Animate Skeleton         Necr           4%         N/A       83%         1
 Apportation              Tloc           4%         N/A       83%         1
 Sting                    Tmut/Pois      8%         1d3       83%         1
 Summon Small Mammal      Summ           8%         N/A       83%         1
 Dazzling Flash           Conj/Hex       24%        N/A       88%         3
 Poisonous Vapours        Pois/Air       4%         N/A       93%         2
 Fulminant Prism          Conj/Hex       6%         3d7       99%         4
 Iskenderun's Mystic Bla  Conj/Tloc      12%        2d5       99%         4
 Airstrike                Air            1%         N/A       100%        4
 Olgreb's Toxic Radiance  Pois           2%         N/A       100%        4
 Summon Lightning Spire   Summ/Air       2%         N/A       100%        4
 Lightning Bolt           Conj/Air       6%         1d18      100%        5


Dungeon Overview and Level Annotations

Branches:
Dungeon (4/15)
 Temple: D:4-7

Altars:

Shops:
D:2 !


Innate Abilities, Weirdness & Mutations

You have sharp fingernails.
You are partially covered in thin metallic scales. (AC +2)
You regenerate a little health from kills.


Message History

The iguana bites you but does no damage.
The white imp hits you but does no damage.
The goblin closely misses you.
The iguana bites you but does no damage.
Unknown command.
Unknown command.
You sock the iguana!
The iguana is almost dead.
The white imp hits you but does no damage.
The goblin barely misses you. The iguana bites you!
You barely miss the iguana.
The iguana is almost dead.
The white imp barely misses you. The goblin barely misses you.
The iguana closely misses you. The white imp hits you.
The white imp freezes you. The goblin barely misses you.
Unknown command.
Unknown command.
Aiming: Magic Dart (safe; 26% risk of failure)
Press: ? - help, Q - select action Shift-Dir - straight line, f - iguana
Aim: an iguana (almost dead, 100% to hit)
The magic dart hits the iguana but does no damage.
The iguana is almost dead.
The iguana bites you but does no damage.
The white imp barely misses you. The goblin hits you but does no damage.
Aiming: Magic Dart (safe; 26% risk of failure)
Press: ? - help, Q - select action Shift-Dir - straight line, f/p - iguana
Aim: an iguana (almost dead, 100% to hit)
The magic dart hits the iguana but does no damage.
The iguana is almost dead.
The iguana bites you. The white imp hits you.
* * * LOW HITPOINT WARNING * * *
The white imp freezes you.
* * * LOW HITPOINT WARNING * * *
The goblin hits you but does no damage.
Unknown command.
Unknown command.
Okay, then.
Okay, then.
You hit the goblin but do no damage. The iguana bites you.
You die...

#=.....#
#....#.
#.....
#....###
#....#.#
#......# ..
#......#
)...##gl5.#
.......@..#
###...#<###
#...### #..
#.. ##


You could see an iguana, a white imp and a goblin.

Vanquished Creatures
  3 adders
  A white imp (D:3)
  3 worms
  5 dart slugs
  An orc (D:3)
  4 ball pythons
  2 bats
  7 endoplasms
  3 giant cockroaches
  6 goblins
  4 hobgoblins
  3 quokkas
  2 frilled lizards
  3 kobolds
  A rat (D:1)
48 creatures vanquished.

Notes
Turn   | Place    | Note
-------+----------+-------------------------------------------
     0 | D:1      | Sin92 the Demonspawn Conjurer began the quest for the Orb.
     0 | D:1      | Reached XP level 1. HP: 13/13 MP: 3/3
   150 | D:1      | Gained mutation: You regenerate a little health from kills.
                  | [demonic ancestry]
   150 | D:1      | Reached XP level 2. HP: 13/20 MP: 1/5
   709 | D:1      | Reached skill level 1 in Fighting
   806 | D:1      | Found a faded altar of an unknown god.
  1059 | D:2      | Reached skill level 1 in Armour
  1059 | D:2      | Gained mutation: You are partially covered in thin metallic
                  | scales. (AC +2) [demonic ancestry]
  1059 | D:2      | Reached XP level 3. HP: 12/26 MP: 1/6
  1713 | D:2      | Found Iskorehye's Distillery.
  2407 | D:3      | Gained mutation: You have sharp fingernails. [demonic
                  | ancestry]
  2407 | D:3      | Reached XP level 4. HP: 32/32 MP: 7/7
  3144 | D:4      | Slain by an iguana

Illustrated notes

Levels and vault maps discovered:
D:1:      kennysheep_arrival_forest, layout_basic,
          shapermc_ecumenical_altar_venn
D:2:      layout_loops_corners, serial_shops, shop
D:3:      layout_basic
D:4:      wad_crossroads, layout_basic, mainiacjoe_overflow_alcove_4,
          serial_shops, nicolae_stop_n_shop_2,
          hangedman_abyss_or_decor_lesser_grid

Skill      XL: |  1  2 |
---------------+-------+-----
Fighting       | 1 |  1.8
Armour         | 1 |  1.6
Maces & Flails | |  0.9
Dodging        | |  1.7
Stealth        | |  1.7
Spellcasting   | |  2.6
Conjurations   | |  4.4

Action                   |  1- 3 |  4- 6 || total
-------------------------+-------+-------++-------
Melee: Club              |    31 |       ||    31
       Punch             |     4 |       ||     4
       Mace              |    78 |    44 ||   122
 Cast: Magic Dart        |    50 |    15 ||    65
  Use: Scroll            |     5 |     3 ||     8
 Stab: Sleeping          |     2 |       ||     2
Armor: Robe              |    46 |       ||    46
       Scale mail        |     1 |    32 ||    33
Dodge: Dodged            |    89 |    23 ||   112
